 Dungeon Crawl Stone Soup version 0.29.1-15-g9cfb28693d (webtiles) character file.

Game seed: 8252518183244301348

329 Thatpatchoflichen the Trooper (level 6, -6/49 HPs)
             Began as a Human Monk on Mar 2, 2023.
             Mangled by an ogre
             ... wielding a +0 giant club
              (13 damage)
             ... on level 5 of the Dungeon.
             The game lasted 00:08:18 (5058 turns).

Thatpatchoflichen the Trooper (Human Monk)          Turns: 5058, Time: 00:08:18

Health: -6/49      AC:  8    Str: 11    XL:     6   Next: 80%
Magic:  6/6        EV: 10    Int: 11    God:
Gold:   285        SH:  5    Dex: 17    Spells: 5/5 levels left

rFire   . . .      SeeInvis .   a - +0 falchion
rCold   . . .      Faith    .   (no shield)
rNeg    . . .      Spirit   .   o - +0 scale mail
rPois   .          Reflect  +   (no helmet)
rElec   .          Harm     .   d - +0 cloak
rCorr   .          Rampage  .   (no gloves)
Will    .....                   (no boots)
Stlth   +.........              f - amulet of reflection
HPRegen 0.16/turn               (no ring)
MPRegen 0.10/turn               (no ring)

@: no status effects
A: no striking features
a: no special abilities


You were on level 5 of the Dungeon.
You visited 1 branch of the dungeon, and saw 5 of its levels.

You collected 285 gold pieces.

Inventory:

Hand Weapons
 a - a +0 falchion (weapon)
Missiles
 h - 12 curare-tipped darts (quivered)
 n - 12 poisoned darts
 s - 3 boomerangs
Armour
 b - a +0 robe
 d - a +0 cloak (worn)
 o - a +0 scale mail (worn)
 A - a +0 chain mail
Jewellery
 f - an amulet of reflection (around neck)
 i - an amulet of guardian spirit
 q - a ring of fire
 C - a +4 ring of protection
Scrolls
 e - 2 scrolls of immolation {unknown}
 g - 8 scrolls of identify {unknown}
 j - a scroll of summoning {unknown}
 l - a scroll of amnesia {unknown}
 m - a scroll of poison {unknown}
 t - a scroll of enchant armour {unknown}
 v - a scroll of teleportation {unknown}
 x - 2 scrolls of fog {unknown}
 y - a scroll of brand weapon {unknown}
Potions
 c - 2 potions of ambrosia
 k - 2 potions of degeneration {unknown}
 p - a potion of resistance {unknown}
 r - 2 potions of cancellation {unknown}
 u - 3 potions of flight {unknown}
 w - 2 potions of might {unknown}
 z - a potion of curing {unknown}
 B - a potion of haste {unknown}
 D - a potion of mutation {unknown}


   Skills:
 + Level 4.6 Fighting
 - Level 4.0 Long Blades
 + Level 3.4 Armour
 - Level 4.0 Dodging
 - Level 2.0 Stealth


You had 5 spell levels left.
You didn't know any spells.
Your spell library contained the following spells:

 Spells                   Type           Power      Damage    Failure   Level
 Magic Dart               Conj           0%         1d3       89%         1
 Sandblast                Erth           0%         2d4       89%         1
 Passwall                 Tmut/Erth      0%         N/A       96%         2
 Searing Ray              Conj           0%         2d4       96%         2
 Gell's Gravitas          Tloc           0%         N/A       99%         3
 Lesser Beckoning         Tloc           0%         N/A       99%         3
 Stone Arrow              Conj/Erth      0%         3d7       99%         3
 Teleport Other           Tloc           0%         N/A       99%         3
 Tukima's Dance           Hex            0%         N/A       99%         3
 Fulminant Prism          Conj/Hex       0%         3d6       100%        4
 Passage of Golubria      Tloc           0%         N/A       100%        4
 Summon Forest            Summ/Tloc      0%         N/A       100%        5
 Summon Mana Viper        Hex/Summ       0%         N/A       100%        5
 Yara's Violent Unravell  Hex/Tmut       0%         3d3       100%        5
 Summon Cactus Giant      Summ           0%         N/A       100%        6


Dungeon Overview and Level Annotations

Branches:
Dungeon (5/15)
 Temple: D:4-7

Altars:
Gozag

Shops:
D:4 *

Annotations:
D:5 Grinder


Message History

You see here a scorpion corpse.
You can't go down here!
There is a stone staircase leading down here.
You climb downwards.
Level annotation: Grinder
There is a stone staircase leading up here.
Grinder gestures at you. Pain shoots through your body!
Grinder grins, showing sharp teeth.
Grinder blinks!
There is a stone staircase leading up here.
You climb upwards.
There is a stone staircase leading down here.
There is a stone staircase leading down here.
There is a shaft here.
There is a fountain of clear blue water here.
There is a fountain of clear blue water here.
There is a stone staircase leading down here.
You climb downwards.
Level annotation: Grinder
There is a stone staircase leading up here.
Found a book of the Warp.
An ogre comes into view. It is wielding a +0 giant club.
The ogre shouts!
The ogre attacks as you move away! The ogre closely misses you.
There is a stone staircase leading up here.
The ogre hits you with a +0 giant club.
You hit the ogre.
The ogre is lightly wounded.
The ogre hits you with a +0 giant club!!
You slash the ogre!
The ogre is moderately wounded.
You hit the ogre.
The ogre is moderately wounded.
The ogre hits you with a +0 giant club!!
* * * LOW HITPOINT WARNING * * *
You slash the ogre!
The ogre is severely wounded.
The ogre hits you with a +0 giant club!
You die...

.. #.# #..##
### .... ..
...##.# #.#..#
##...# #..<@###
#.##.O.#######
.. ###........
#. #........ #
#........
#.O..........
.....##........
.... #:.......
... ........#


You could see an ogre.

Vanquished Creatures
  A scorpion (D:4)
  Crazy Yiuf (D:3)
  A jelly (D:4)
  2 iguanas
  7 adders
  3 worms (D:2)
  3 dart slugs
  12 ball pythons
  6 bats
  5 endoplasms
  2 giant cockroaches
  5 goblins
  7 hobgoblins
  3 jackals
  8 kobolds
  2 quokkas
  2 frilled lizards
  5 rats
75 creatures vanquished.

Notes
Turn   | Place    | Note
-------+----------+-------------------------------------------
     0 | D:1      | Thatpatchoflichen the Human Monk began the quest for the
                  | Orb.
     0 | D:1      | Reached XP level 1. HP: 18/18 MP: 1/1
   385 | D:1      | Reached XP level 2. HP: 23/24 MP: 2/2
   700 | D:1      | Reached XP level 3. HP: 27/29 MP: 3/3
  1549 | D:2      | Reached XP level 4. HP: 31/35 MP: 4/4
  1606 | D:2      | Noticed a great orb of eyes
  1609 | D:2      | Found a faded altar of an unknown god.
  1614 | D:2      | Noticed an eye of devastation
  1616 | D:2      | Noticed a great orb of eyes
  1616 | D:2      | Noticed a golden eye
  1738 | D:2      | You fall into a shaft and drop 1 floor!
  1820 | D:3      | Reached skill level 1 in Armour
  2232 | D:2      | Reached XP level 5. HP: 30/42 MP: 5/5
  2630 | D:3      | Found an opulent altar of Gozag.
  2888 | D:3      | Found a runed translucent door.
  2889 | D:3      | Noticed Crazy Yiuf
  3164 | D:3      | Killed Crazy Yiuf
  3169 | D:3      | HP: 2/42 [poisoned by Crazy Yiuf]
  3887 | D:3      | Reached XP level 6. HP: 47/48 MP: 6/6
  4302 | D:4      | Found Napaok's Assorted Antiques.
  4838 | D:5      | Entered Level 5 of the Dungeon
  4883 | D:5      | Noticed Grinder
  5046 | D:5      | Noticed an ogre
  5058 | D:5      | Mangled by an ogre

Illustrated notes

Levels and vault maps discovered:
D:1:      mrwooster_arrival_statue, layout_loops_ring, st_stairs_9,
          minmay_tetromino_l4
D:2:      layout_basic, hellmonk_ecumenical_altar_watching_god,
          minmay_randomly_rotated_circles
D:3:      layout_basic, lemuel_tele_altar, uniq_crazy_yiuf_cottage
D:4:      layout_basic, serial_shops, shop_fountains
D:5:      layout_rooms, cheibrodos_ashenzari_chains, uniq_blork_the_orc,
          uniq_grinder

Skill      XL: |  1  2  3  4  5  6 |
---------------+-------------------+-----
Armour         | 1 2 3 |  3.4
Dodging        | 4 |  4.0
Fighting       | 4 |  4.6
Long Blades    | 4 |  4.0
Stealth        | |  2.0

Action                   |  1- 3 |  4- 6 || total
-------------------------+-------+-------++-------
Melee: Falchion          |    92 |   198 ||   290
       Punch             |     1 |       ||     1
 Stab: Sleeping          |     4 |       ||     4
Armor: Robe              |    12 |       ||    12
       Scale mail        |    10 |    85 ||    95
Dodge: Dodged            |    53 |    93 ||   146
Block: Other             |    17 |    44 ||    61
       Reflection        |       |     1 ||     1
